 Dungeon Crawl Stone Soup version 0.23.0 (webtiles) character file.

Game seed: 1643165660558307366

779 Nygeryga the Grappler (level 7, 0/56 (59) HPs)
             Began as a Ghoul Monk on Feb 10, 2019.
             Was a Believer of Kikubaaqudgha.
             Slain by an orc warrior
             ... wielding a +0 glaive
              (12 damage)
             ... on level 6 of the Dungeon.
             The game lasted 00:12:06 (5677 turns).

Nygeryga the Grappler (Ghoul Monk)                  Turns: 5677, Time: 00:12:07

HP:   0/56 (59)     AC:  9    Str: 17    XL:     7   Next: 85%
MP:   6/6           EV:  7    Int:  5    God:    Kikubaaqudgha [**....]
Gold: 172           SH:  0    Dex: 11    Spells: 6/6 levels left

rFire    . . .     SeeInvis .     - Unarmed
rCold    + . .     Gourm    .   (no shield)
rNeg     + + +     Faith    .   q - +1 chain mail
rPois    ∞         Spirit   .   (no helmet)
rElec    .         Reflect  .   (no cloak)
rCorr    .         Harm     .   (no gloves)
MR       .....                  (no boots)
Stlth    ..........             (no amulet)
HPRegen  0.00/turn              (no ring)
MPRegen  0.10/turn              (no ring)

@: rotting
A: rotting body, claws 1, carnivore, cold resistance 1, negative energy
resistance 3, inhibited regeneration, torment resistance, unbreathing
a: Receive Corpses, Renounce Religion


You were on level 6 of the Dungeon.
You worshipped Kikubaaqudgha.
Kikubaaqudgha was pleased with you.
You were very hungry.

You visited 2 branches of the dungeon, and saw 7 of its levels.

You collected 172 gold pieces.

Inventory:

Armour
 a - a +0 robe
 q - a +1 chain mail (worn)
Wands
 m - a wand of random effects (15)
 u - a wand of digging (5)
Scrolls
 d - 3 scrolls of remove curse
 e - 2 scrolls of teleportation
 l - a scroll of magic mapping
Potions
 f - 3 potions of brilliance
 g - a potion of haste
 h - 2 potions of berserk rage
 i - a potion of mutation {unknown}
 j - 2 potions of lignification {unknown}
 k - a potion of ambrosia {unknown}
 o - a potion of flight {unknown}
 p - 7 potions of agility {unknown}
Comestibles
 b - 12 rations


   Skills:
 + Level 4.3 Fighting
 - Level 2.6 Dodging
 - Level 2.1 Stealth
 * Level 9.4 Unarmed Combat


You had 6 spell levels left.
You didn't know any spells.
Your spell library contained the following spells:

 Spells                   Type           Power        Failure   Level  Hunger
 Animate Skeleton         Necr           N/A          100%        1    ##.....
 Pain                     Necr           #...         100%        1    ##.....
 Corpse Rot               Necr           N/A          100%        2    ###....
 Vampiric Draining        Necr           #.........   100%        3    ####...


Dungeon Overview and Level Annotations

Branches:
Dungeon (6/15)             Temple (1/1) D:5

Altars:
Ashenzari
Dithmenos
Elyvilon
Fedhas
Gozag
Hepliaklqana
Kikubaaqudgha
Nemelex Xobeh
Qazlal
Ru
Trog
Wu Jian
Yredelemnul
Zin

Annotations:
D:5 3 runed translucent doors, Wolly's ghost, novice GnWr


Innate Abilities, Weirdness & Mutations

Your body is rotting away.
You thrive on raw meat.
You are immune to poison.
You have sharp fingernails.
You are carnivorous and can eat meat at any time.
Your flesh is cold resistant. (rC+)
You are immune to negative energy. (rN+++)
You do not regenerate when monsters are visible.
You are immune to unholy pain and torment.
You can survive without breathing.


Message History

The orc wizard blinks!
The orc hits you but does no damage.
The orc warrior hits you from afar with a +0 glaive!!
You completely miss the orc. The orc hits you but does no damage.
The orc warrior hits you with a +0 glaive.
The orc hits you but does no damage. The orc closely misses you.
The orc hits you but does no damage.
You closely miss the orc warrior. The orc hits you but does no damage.
The orc hits you with a +0 club.
The orc warrior hits you with a +0 glaive!
* * * LOW HITPOINT WARNING * * *
You claw the orc warrior!
The orc warrior is heavily wounded.
The orc hits you but does no damage. x2
Your chain mail prevents you from hitting the orc warrior.
Your claw misses the orc warrior.
The orc warrior is heavily wounded.
The orc warrior hits you with a +0 glaive!
You die...
Kikubaaqudgha rasps: "You have failed me!
Welcome... oblivion!"

.....< .. ...... ...
......############...
..<...........!....#
...................#
...................#
...................#
..........oooo.....#
...........o@......+
.........#####.....#
.........# #.....#
.........# #.....#
.........# #.....#
.........# #.....#
.........# #.....#
#.....#


You could see an orc warrior, an orc wizard and 3 orcs.

Vanquished Creatures
  An ice beast (D:5)
  A centaur (D:5)
  An ogre (D:4)
  A crimson imp (D:5)
  2 hounds
  An orc priest (D:4)
  2 orc wizards (D:4)
  A worker ant (D:5)
  7 gnolls
  11 adders
  4 oozes
  A worm (D:4)
  3 dart slugs
  3 leopard geckos
  17 orcs
  5 giant cockroaches
  8 goblins
  6 hobgoblins
  7 jackals
  4 kobolds
  4 quokkas
  2 ball pythons
  5 bats
  5 frilled lizards
  19 rats
121 creatures vanquished.

Notes
Turn   | Place    | Note
-------+----------+-------------------------------------------
     0 | D:1      | Nygeryga the Ghoul Monk began the quest for the Orb.
     0 | D:1      | Reached XP level 1. HP: 19/19 MP: 0/0
   202 | D:1      | Reached XP level 2. HP: 24/26 MP: 1/1
   402 | D:1      | Reached skill level 4 in Unarmed Combat
   482 | D:1      | Reached XP level 3. HP: 30/31 MP: 2/2
  1224 | D:2      | Reached skill level 5 in Unarmed Combat
  1224 | D:2      | Reached XP level 4. HP: 23/40 MP: 3/3
  2340 | D:3      | Reached XP level 5. HP: 44/46 MP: 4/4
  2489 | D:3      | Reached skill level 6 in Unarmed Combat
  3182 | D:4      | Reached XP level 6. HP: 32/52 MP: 5/5
  3194 | D:4      | Reached skill level 7 in Unarmed Combat
  4042 | D:4      | Found a blossoming altar of Fedhas.
  4042 | D:4      | Found a basalt altar of Yredelemnul.
  4046 | D:4      | Reached skill level 8 in Unarmed Combat
  4046 | D:4      | Reached XP level 7. HP: 59/59 MP: 6/6
  4242 | D:5      | Entered Level 5 of the Dungeon
  4598 | D:5      | Found a runed translucent gate.
  4598 | D:5      | Found a runed translucent gate.
  4598 | D:5      | Found a runed translucent gate.
  4599 | D:5      | Noticed Wolly's ghost (novice GnWr)
  4981 | D:5      | Found a staircase to the Ecumenical Temple.
  5094 | D:5      | Reached skill level 9 in Unarmed Combat
  5414 | Temple   | Entered the Ecumenical Temple
  5617 | Temple   | Became a worshipper of Kikubaaqudgha
  5617 | Temple   | Reached * piety under Kikubaaqudgha
  5617 | Temple   | Identified Kikubaaqudgha's Incunabulum of Stolen Souls
                  | (Kikubaaqudgha gifted it to you in the Ecumenical Temple)
  5617 | Temple   | Received a gift from Kikubaaqudgha
  5617 | Temple   | Reached ** piety under Kikubaaqudgha
  5677 | D:6      | Slain by an orc warrior

Skill      XL: |  1  2  3  4  5  6  7 |
---------------+----------------------+-----
Unarmed Combat | 4 5 6 8 9 |  9.4
Fighting       | 4 |  4.3
Dodging        | |  2.6
Stealth        | |  2.1

Action                   |  1- 3 |  4- 6 |  7- 9 || total
-------------------------+-------+-------+-------++-------
Melee: Unarmed           |    87 |   211 |    68 ||   366
       Punch             |     1 |     5 |       ||     6
  Use: Scroll            |       |     3 |     7 ||    10
 Stab: Sleeping          |     3 |     3 |       ||     6
  Eat: Chunk             |     2 |     9 |     3 ||    14
Armor: Robe              |     7 |    12 |       ||    19
       Chain mail        |       |    59 |    34 ||    93
Dodge: Dodged            |    59 |   106 |    41 ||   206
